cohdb
Replays
Latest Replays
All Replays
Popular Replays
Top Player Replays
Match Explorer
How It Works
Community
CoH3 Stats
Reddit
Sign in to upload your games and track your stats! →
Sign in with Steam
Match 45378901
Unlisted
Match 45378901
Overview
Messages
Build Orders
End
Pioneer Squad
Selects Italian Coastal Battlegroup
Selects Coastal Reserves
Coastal Reserve
Construct Infanterie Kompanie
Grenadier Squad
Sniper
MG 42 Machine Gun Team
Construct Luftwaffe Kompanie
Construct Luftwaffe Kompanie
Medical Station
Selects Support Bunkers
Grenadier Squad
Selects Rapid Fortifications
Selects Designated Artillery Overwatch
Anti-tank Bunker
Construct Panzer Kompanie
Selects Call the Reserves!
Panzer IV Medium Tank
Medical Bunker
Stoßtruppen Squad
Panzer IV Medium Tank
烧花鸭烧雏鸡儿烧子鹅
Polka_Pete
0
0
Comments
sign in to comment!
No comments posted yet!